 Dungeon Crawl Stone Soup version 0.30.0-20-g3b4254fcbd (webtiles) character file.

Game seed: 16483802926400176988

2864 Graphine the Grappler (level 9, -1/88 HPs)
             Began as a Troll Berserker on June 2, 2023.
             Was an Elder of Trog.
             Slain by an orc warrior
             ... wielding a +0 battleaxe
              (10 damage)
             ... on level 7 of the Dungeon.
             The game lasted 00:14:05 (5838 turns).

Graphine the Grappler (Troll Berserker)             Turns: 5838, Time: 00:14:06

Health: -1/88      AC:  7    Str: 31    XL:     9   Next: 47%
Magic:  9/9        EV: 12    Int:  3    God:    Trog [****..]
Gold:   186        SH:  0    Dex: 15    Spells: 8/8 levels left

rFire   . .          .
                       - Unarmed
rCold   . . .        (no shield)
rNeg    . . .        a - +2 animal skin
rPois   +            k - +0 hat
rElec   .            h - +0 cloak
rCorr   .            (gloves unavailable)
SInv    .            (boots unavailable)
Will    .....        (no amulet)
Stlth   +            d - ring of poison resistance
HPRegen 1.14/turn    g - +6 ring of dexterity
MPRegen 0.11/turn

%: no passive effects
@: confused, studying Dodging
A: large, unfitting armour, claws 3, regeneration 1, shaggy fur 1, tough skin 1
a: Renounce Religion, Berserk, Trog's Hand, Brothers in Arms


You were on level 7 of the Dungeon.
You worshipped Trog.
Trog was greatly pleased with you.
You visited 1 branch of the dungeon, and saw 7 of its levels.
You also visited: Ossuary.

You collected 366 gold pieces.
You spent 180 gold pieces at shops.

Inventory:

Hand Weapons
 y - the +2 short sword "Seraxkon" {heavy, rC- Will+++ rCorr Dex-2}
   (You found it on level 7 of the Dungeon)

   Dex:       It affects your dexterity (-2).
   rC:        It makes you vulnerable to cold.
   rCorr:     It protects you from acid and corrosion.
   Will:      It greatly increases your willpower.
 G - a +3 mace
Missiles
 r - 2 curare-tipped darts (quivered)
Armour
 a - a +2 animal skin (worn)
 h - a +0 cloak (worn)
 k - a +0 hat (worn)
 u - the +3 chain mail of Nearpher {Regen+ Str+6 Int-4}
   (You found it on level 6 of the Dungeon)

   Str:       It affects your strength (+6).
   Int:       It affects your intelligence (-4).
   Regen:     It increases your rate of health regeneration.
Magical Staves
 B - a staff of poison
Jewellery
 d - a ring of poison resistance (left claw)
 g - a +6 ring of dexterity (right claw)
Wands
 i - a wand of flame (20)
 x - a wand of mindburst (19)
 E - a wand of iceblast (5)
Scrolls
 c - a scroll of teleportation
 n - 5 scrolls of amnesia
 q - 5 scrolls of immolation
 s - 2 scrolls of blinking
 t - a scroll of enchant weapon
 v - 2 scrolls of summoning
 w - a scroll of magic mapping
 D - 2 scrolls of identify
 F - a scroll of fear
Potions
 b - a potion of attraction
 e - a potion of lignification
 f - a potion of berserk rage
 j - a potion of flight
 l - 4 potions of curing
 m - 3 potions of cancellation
 o - a potion of haste
 p - 3 potions of mutation {unknown}
 z - 2 potions of degeneration {unknown}
 A - 2 potions of brilliance {unknown}
 C - 2 potions of heal wounds {unknown}


   Skills:
 + Level 5.4 Fighting
 + Level 4.8 Throwing
 * Level 6.2 Dodging
 * Level 8.6 Unarmed Combat
 - Level 2.0 Invocations


You had 8 spell levels left.
You didn't know any spells.
Your spell library contained the following spells:

 Spells                   Type           Power      Damage    Failure   Level
 Poisonous Vapours        Pois/Air       0%         N/A       67%         2
 Mephitic Cloud           Conj/Pois/Air  0%         N/A       88%         3
 Freezing Cloud           Conj/Ice/Air   0%         6-21      100%        5


Dungeon Overview and Level Annotations

Branches:
Dungeon (7/15)             Temple (0/1) D:6         Ossuary (visited)

Altars:
Ru
Sif Muna
Uskayaw
Yredelemnul

Shops:
D:5 =:**?   D:6 *

Annotations:
D:1 2 transporters


Innate Abilities, Weirdness & Mutations

You are too large for most types of armour.
You have claws for hands.
Your natural rate of healing is unusually fast.
You are covered in fur. (AC +1)
You have tough skin. (AC +1)


Message History

The orc wizard points at you and mumbles some strange words.
You are more confused.
The orc warrior hits you with a +0 battleaxe!
You're too confused to move!
Something hits you.
The orc wizard gestures at you while chanting.
The puff of flame hits you!
The orc warrior hits you with a +0 battleaxe.
* * * LOW HITPOINT WARNING * * *
You closely miss the orc warrior.
The orc warrior is almost dead.
Something hits you.
* * * LOW HITPOINT WARNING * * *
The orc wizard points at you and mumbles some strange words.
The magic dart hits you.
* * * LOW HITPOINT WARNING * * *
The orc warrior hits you with a +0 battleaxe.
* * * LOW HITPOINT WARNING * * *
You bump into the rock wall.
Something hits you but does no damage.
The orc wizard hits you with a +0 dagger.
* * * LOW HITPOINT WARNING * * *
The orc warrior hits you but does no damage.
An orc comes into view. It is wielding a +0 club.
Okay, then.
Okay, then.
You barely miss the orc warrior.
The orc warrior is almost dead.
Something hits you.
* * * LOW HITPOINT WARNING * * *
The orc wizard barely misses you. The orc warrior misses you.
Okay, then.
You scratch the orc warrior but do no damage.
The orc warrior is almost dead.
Something hits you but does no damage.
The orc wizard gestures wildly while chanting.
The orc wizard flickers and vanishes!
The orc wizard points at you and mumbles some strange words.
The puff of flame hits you!
* * * LOW HITPOINT WARNING * * *
The orc warrior hits you with a +0 battleaxe!
You die...

### .. ##. #..# ###
## ####... ##.## ...
.......## ##...## ..
#..o{####..#..# ..
#.{o@o.#...##.###.#
#..###.....###.##.##
## ##....# ##....##
###....####......
#.......##.......
.#..............
.##.##.......####
##### #.########.#
##)# #.# ##†# ..#


You could see an orc warrior, an orc wizard and an orc.

Vanquished Creatures
  The ghost of Elsvaer the Conjurer, a novice DECj (D:5)
  The ghost of Graphine the Sneak, an amateur MfBr (D:4)
  A wyvern (D:7)
  The ghost of pornopis the Skirmisher, an amateur KoHu (D:4)
  A water moccasin (D:7)
  An orc warrior (D:7)
  A black bear (D:4)
  An ice beast (D:6)
  An ogre (D:6)
  A centaur (D:7)
  2 phantoms (D:5)
  2 elf zombies (Ossuary)
  A bullfrog (D:6)
  4 scorpions
  5 wights (D:6)
  2 centaur zombies (Ossuary)
  2 human zombies (Ossuary)
  2 orc priests
  3 hounds
  2 jellies (D:6)
  3 orc wizards
  Natasha (thrice) (D:2)
  2 mummies (Ossuary)
  5 adders
  8 gnolls
  2 white imps (D:7)
  An ufetubus (D:6)
  2 adder zombies (Ossuary)
  A worm (D:3)
  3 dart slugs
  20 orcs
  9 ball pythons
  3 bats
  10 endoplasms
  A giant cockroach (D:2)
  5 goblins
  9 hobgoblins
  7 jackals
  11 kobolds
  4 quokkas
  A goblin zombie (Ossuary)
  6 hobgoblin zombies (Ossuary)
  3 jackal zombies (Ossuary)
  8 kobold zombies (Ossuary)
  11 orc zombies (Ossuary)
  6 rats
179 creatures vanquished.

Notes
Turn   | Place    | Note
-------+----------+-------------------------------------------
     0 | D:1      | Graphine the Troll Berserker began the quest for the Orb.
     0 | D:1      | Reached XP level 1. HP: 22/22 MP: 0/0
    19 | D:1      | Reached XP level 2. HP: 28/29 MP: 1/1
   237 | D:1      | Reached XP level 3. HP: 36/36 MP: 2/2
   601 | D:2      | Reached ** piety under Trog
   616 | D:2      | Found a hide-covered altar of Uskayaw.
   770 | D:2      | Reached XP level 4. HP: 33/44 MP: 3/3
   776 | D:2      | Reached skill level 1 in Throwing
   923 | D:2      | Noticed Natasha
   931 | D:2      | Reached skill level 4 in Unarmed Combat
   931 | D:2      | Reached skill level 1 in Invocations
   931 | D:2      | Killed Natasha
   932 | D:2      | Reached XP level 5. HP: 42/53 MP: 4/4
   969 | D:2      | Noticed Natasha
   973 | D:2      | Killed Natasha
  1201 | D:2      | Noticed Natasha
  1209 | D:2      | Killed Natasha
  1501 | D:3      | Reached *** piety under Trog
  1980 | D:3      | Found a basalt altar of Yredelemnul.
  1980 | D:3      | Found a sacrificial altar of Ru.
  2392 | D:4      | Reached XP level 6. HP: 61/61 MP: 6/6
  2460 | D:4      | Found a shimmering blue altar of Sif Muna.
  2762 | D:4      | Reached skill level 5 in Unarmed Combat
  2823 | D:4      | Found a runed translucent gate.
  2823 | D:4      | Found a runed translucent gate.
  2824 | D:4      | Found a runed translucent gate.
  2825 | D:4      | Noticed pornopis's ghost (amateur KoHu)
  2825 | D:4      | Noticed Graphine's ghost (amateur MfBr)
  2908 | D:4      | Killed Graphine's ghost
  2909 | D:4      | Reached XP level 7. HP: 58/68 MP: 7/7
  2917 | D:4      | Killed pornopis's ghost
  3134 | D:5      | Entered Level 5 of the Dungeon
  3205 | D:5      | Found Atel's Book Emporium.
  3286 | D:5      | Found Nitedd Rone's General Store.
  3307 | D:5      | Found a runed translucent door.
  3349 | D:5      | Noticed Elsvaer's ghost (novice DECj)
  3359 | D:5      | Killed Elsvaer's ghost
  3360 | D:5      | Reached skill level 6 in Unarmed Combat
  3360 | D:5      | Reached XP level 8. HP: 78/78 MP: 8/8
  3375 | D:5      | Found Hewidghu's Magic Scroll Shoppe.
  3385 | D:5      | Bought a scroll of enchant armour for 90 gold pieces
  3385 | D:5      | Bought a scroll of enchant weapon for 90 gold pieces
  3558 | D:5      | Found Ydouhuk's Assorted Antiques.
  3909 | D:5      | Found Byhil's Jewellery Emporium.
  3989 | D:6      | Identified the +3 chain mail of Nearpher {Regen+ Str+6
                  | Int-4}
  4078 | D:6      | Reached skill level 7 in Unarmed Combat
  4113 | D:6      | Found a sand-covered staircase.
  4118 | Ossuary  | Entered an ossuary
  4128 | Ossuary  | Reached **** piety under Trog
  4448 | D:6      | Found Seivocw's Fire Supplies.
  4459 | D:6      | Reached skill level 5 in Dodging
  4732 | D:6      | Reached skill level 5 in Fighting
  4732 | D:6      | Reached XP level 9. HP: 88/88 MP: 9/9
  4752 | D:6      | Reached skill level 8 in Unarmed Combat
  4938 | D:6      | Found a staircase to the Ecumenical Temple.
  5172 | D:6      | Identified a scroll of acquirement
  5172 | D:6      | Acquired a manual of Dodging
  5318 | D:7      | Identified the +2 short sword "Seraxkon" {heavy, rC-
                  | Will+++ rCorr Dex-2}
  5838 | D:7      | Slain by an orc warrior

Illustrated notes

Levels and vault maps discovered:
D:1:      spicycebolla_arrival_transporter_tutorial, layout_basic
D:2:      layout_loops_ring, basic_altar, serial_bayou_pond_e,
          nicolae_grassy_gnolls, uniq_natasha
D:3:      layout_basic, nicolae_overflow_two_pavilions
D:4:      layout_basic, old_standard_altar, gammafunk_ghost_cemetery
D:5:      layout_basic, serial_shops, shop, shop, nicolae_shop_rolling_square,
          nicolae_lakefront_shop, shop, ebering_ghost_reflecting_pool,
          nrook_mini_backslash
D:6:      layout_loops_cross, lemuel_temple_firewalk_b, enter_ossuary_2,
          nicolae_shop_fire_sale [nicolae_sub_dead_trees]
D:7:      wad_crossroads, layout_layer_cave

Skill      XL: |  1  2  3  4  5  6  7  8  9 |
---------------+----------------------------+-----
Dodging        | 3 4 5 6 |  6.2
Fighting       | 3 4 5 |  5.4
Throwing       | 1 2 3 4 |  4.8
Unarmed Combat | 4 5 6 7 8 |  8.6
Invocations    | 1 2 |  2.0

Action                     |  1- 3 |  4- 6 |  7- 9 || total
---------------------------+-------+-------+-------++-------
  Melee: Unarmed           |    67 |   146 |   262 ||   475
         Punch             |     1 |     2 |     8 ||    11
         Short sword       |       |       |    24 ||    24
 Invoke: Berserk           |       |       |     1 ||     1
    Use: Scroll            |       |    11 |     7 ||    18
   Stab: Sleeping          |     1 |     2 |     3 ||     6
 Armour: Animal skin       |    24 |    52 |    79 ||   155
  Dodge: Dodged            |    23 |    65 |   138 ||   226
